AoeStats
← CL | PainFelipeJupyCastigador

Arabia

504682922Analyzed
1v1 RM · 27d ago on Sep 6, 2026· 29m 51s· 2 players
Game mode
Random Map
Map size
Tiny (2 player)
Population
200
Speed
Normal
Resources
Standard
Victory
Conquest
Starting age
Dark Age
Ending age
Imperial Age
RankedLock teamsTeams togetherTeam positionsShared explorationLock speedFull tech treeHidden civsTurbo modeCheats
Victory
Defeat
🇨🇳 Sicilians · China
2126
+11
2017
-11
CL | PainFelipeJupyCastigador
0:26 Loom
10:14 Feudal Age
11:09 Town Watch
12:11 Double-Bit Axe
15:36 Fletching
17:50 Horse Collar
19:34 Padded Archer Armor
23:29 Castle Age
21:45 Gold Mining
24:16 Bodkin Arrow
24:35 Bow Saw
25:05 Wheelbarrow
24:05 Elite Skirmisher
25:25 Crossbowman
28:41 Leather Archer Armor
30:12 Stone Mining
江东小霸王
3:33 Loom
9:51 Feudal Age
10:22 Double-Bit Axe
13:34 Fletching
14:08 Horse Collar
15:39 Padded Archer Armor
20:09 Wheelbarrow
22:53 Castle Age
23:45 Bow Saw
23:36 Heavy Plow
24:19 Bodkin Arrow
24:43 Scale Barding Armor
24:02 Elite Skirmisher
26:03 Gold Mining
27:39 Leather Archer Armor
29:51 Bloodlines
29:41 Husbandry
Connection lost

Rejoining the realm…

Still unreachable

The connection could not be restored.

Session expired

The server has moved on; the page needs a fresh start.